 Dungeon Crawl Stone Soup version 0.14.0-20-g75a2fc2 (webtiles) character file.

9196 HungrySpirit the Severer (level 11, -3/94 HPs)
             Began as a Deep Dwarf Monk on Apr 21, 2014.
             Was an Elder of Trog.
             Killed from afar by a fire dragon (48 damage)
             ... with a blast of flame
             ... on Level 11 of the Dungeon.
             The game lasted 00:30:06 (10020 turns).

HungrySpirit the Severer (Deep Dwarf Monk)         Turns: 10020, Time: 00:30:07

HP  -3/94        AC 13     Str 18      XL: 11   Next: 19%
MP  11/11        EV  5     Int 11      God: Trog [****..]
Gold 53          SH 15     Dex 17      Spells:  0 memorised, 10 levels left

rFire  . . .     SeeInvis .     A - +0,+1 broad axe
rCold  + . .     Clarity  .     o - +0 plate armour
rNeg   . . .     Conserve .     p - +2 buckler {rPois}
rPois  +         rCorr    +     m - +0 hat {MR+}
rElec  .         rRot     .     C - +0 cloak (curse)
SustAb . .       Spirit   .     (no gloves)
rMut   .         Warding  .     (no boots)
Saprov . . .     Stasis   .     y - amulet of resist corrosion
MR     ++...                    (no ring)
                                P - ring of protection from cold

@: non-regenerating, very resistant to hostile enchantments, extremely
unstealthy
A: damage resistance, recharge devices, agile 1, sense surroundings 2, slow
healing 3
a: Device Recharging, Burn Spellbooks, Berserk, Trog's Hand, Brothers in Arms,
Renounce Religion


You were on level 11 of the Dungeon.
You worshipped Trog.
Trog was greatly pleased with you.
You were not hungry.

You visited 2 branches of the dungeon, and saw 12 of its levels.
You visited 1 bazaar.
You also visited: Sewer.

You collected 647 gold pieces.
You spent 594 gold pieces at shops.

Inventory:

Hand weapons
 t - a +1,+0 war axe
 A - a +0,+1 broad axe (weapon)
Armour
 m - a +0 hat of magic resistance (worn)
 o - a +0 plate armour (worn)
 p - a +2 buckler of poison resistance (worn)
 C - a cursed +0 cloak (worn)
Magical devices
 b - a wand of heal wounds (1)
 v - a wand of teleportation (2)
 E - a wand of hasting (5)
 F - a wand of flame (8)
 J - a wand of frost (7)
Comestibles
 c - 9 bread rations
 g - 4 meat rations
 k - a pear
 s - a choko
 w - a banana
 B - 4 royal jellies
 G - a chunk of worker ant flesh
Scrolls
 a - a scroll of immolation
 e - 2 scrolls of teleportation
 f - 5 scrolls of remove curse
 h - 4 scrolls of identify
 i - 2 scrolls of noise
 r - 2 scrolls of enchant weapon I
 z - a scroll of enchant armour
 D - a scroll of magic mapping {unknown}
 K - 3 scrolls of fog
 L - a scroll of summoning
Jewellery
 d - a cursed -2 ring of strength {unknown}
 u - an uncursed ring of ice
 y - an amulet of resist corrosion (around neck)
 P - a ring of protection from cold (left hand)
Potions
 j - 5 potions of restore abilities
 l - 6 potions of brilliance
 n - 2 potions of curing
 q - a potion of flight
 x - 3 potions of poison {unknown}
 H - 2 potions of magic {unknown}
 M - a potion of berserk rage {unknown}


   Skills:
 + Level 5.1 Fighting
 + Level 15.4 Axes
 * Level 4.0 Armour
 - Level 3.2 Dodging
 - Level 2.4 Stealth
 - Level 6.9 Shields
 - Level 3.6 Unarmed Combat


You had 10 spell levels left.
You didn't know any spells.

Dungeon Overview and Level Annotations

Branches:
Dungeon (11/15)            Temple (0/1) D:6             Orc (0/4) D:9
   Lair (1/8) D:10

Altars:
Ashenzari
Dithmenos
Elyvilon
Trog
Vehumet
Xom
Yredelemnul

Shops:
D:5 :   D:6 }   D:7 (   D:10 }?

Annotations:
D:2 Sigmund
D:9 Maurice


Innate Abilities, Weirdness & Mutations

You are resistant to damage.
You can recharge devices by infusing magical energy.
You passively map the area around you.
You do not heal naturally.
You are agile. (Dex +2)


Message History

The wraith is severely damaged.
The wraith hits you.
You slash the wraith!
You destroy the wraith!
Your Armour skill increases to level 4!
No target in view!
No target in view!
You feel yourself speed up.
There is an open door here.
G - 2 chunks of worker ant flesh Eat one of 2 chunks of worker ant flesh? (ye/n/q/i?) This raw flesh tastes terrible.
You continue eating. x2
You open the door.
A hippogriff, a fire dragon and a hill giant come into view.
The hippogriff screeches!
The hill giant shouts!
The fire dragon breathes flames at you. The blast of flame hits you!
Ouch! That really hurt!
You die...

'### #.# *...* . #.........
#.# , .HC'... #.........
#.## ,*...*... #.........
#..############'###.........
#.#.##...#|.)#...##.........
,*
#....(...#.D.#...##.........
###..#...#[.) .[.##.........
***
#..##'###'###'###......... ,
....#...#.@.#...#######''##
, ......#...'...'...# #.....
*#####..#...#...#...# #.....
,,,,* #..#############
#...## #..# #...# , ...#
#...# , * *### #...# ,, *
#...## #.....


You could see a fire dragon, a hill giant and a hippogriff.

Vanquished Creatures
  Joseph (D:7)
  A cyclops (D:11)
  A spiny frog (Lair:1)
  A troll (D:9)
  A queen bee (D:8)
  A hydra zombie (D:10)
  A two-headed ogre (D:9)
  A basilisk (D:11)
  2 deep elf magi (D:9)
  A formicid (shapeshifter) (D:11)
  A griffon skeleton (D:11)
  A wraith (D:11)
  5 yaks (D:9)
  Grum (D:8)
  A hippogriff (D:11)
  2 wolves (D:8)
  A water moccasin (D:5)
  2 orc warriors
  2 sky beasts
  2 phantoms
  2 ice beasts
  3 ogres
  5 centaurs
  2 big kobolds
  A cyclops skeleton (D:9)
  5 giant frogs
  A scorpion (D:8)
  17 killer bees (D:8)
  A tengu skeleton (D:10)
  5 jellies
  A hippogriff skeleton (D:11)
  5 crimson imps
  An electric eel (D:11)
  7 hounds
  4 orc priests
  A big fish (Sewer)
  A goliath beetle (D:11)
  A centaur skeleton (D:5)
  A gnoll shaman (D:9)
  18 orc wizards
  5 worker ants
  8 iguanas
  A hound zombie (D:7)
  A mummy (D:9)
  18 adders
  2 green rats (Sewer)
  An inept item mimic (D:5)
  A shadow imp (D:6)
  3 worms
  A giant mite (D:1)
  An orc zombie (D:7)
  An orc skeleton (D:9)
  2 giant eyeballs
  5 giant geckos
  29 orcs
  A bat skeleton (D:7)
  8 giant cockroaches
  11 goblins
  14 hobgoblins
  5 quokkas
  14 bats
  A giant gecko zombie (D:5)
  2 giant newts (D:1)
  A giant spore (D:7)
  6 jackals
  16 kobolds
  A kobold skeleton (D:7)
  12 rats
  2 rat skeletons (D:5)
  2 ballistomycetes
286 creatures vanquished.

Vanquished Creatures (others)
  A deep elf mage (D:9)
  An orc wizard (D:4)
  A giant eyeball (D:9)
  A giant spore (D:10)
4 creatures vanquished.

Grand Total: 290 creatures vanquished

Notes
Turn   | Place    | Note
--------------------------------------------------------------
     0 | D:1      | HungrySpirit, the Deep Dwarf Monk, began the quest for the Orb.
     0 | D:1      | Reached XP level 1. HP: 20/20 MP: 1/1
   370 | D:1      | Reached XP level 2. HP: 17/28 MP: 2/2
  1187 | D:2      | Reached XP level 3. HP: 13/36 MP: 3/3
  1378 | D:2      | Found a white marble altar of Elyvilon.
  1508 | D:2      | Noticed Sigmund
  1791 | D:2      | Reached skill level 4 in Fighting
  1841 | D:2      | Found a radiant altar of Vehumet.
  2079 | D:2      | Reached XP level 4. HP: 8/45 MP: 4/4
  2668 | D:3      | Reached skill level 1 in Axes
  2684 | D:3      | Reached XP level 5. HP: 21/51 MP: 5/5
  2694 | D:3      | Gained mutation: You are agile. (Dex +2) [potion of beneficial mutation]
  2971 | D:3      | Found a bloodstained altar of Trog.
  2999 | D:3      | Became a worshipper of Trog the Wrathful
  2999 | D:3      | Acquired Trog's first power
  2999 | D:3      | Acquired Trog's second power
  3086 | D:4      | Reached XP level 6. HP: 19/58 MP: 6/6
  3094 | D:4      | Noticed a sky beast
  3125 | D:4      | Killed a sky beast
  3125 | D:4      | Reached skill level 5 in Axes
  3205 | D:4      | Found a glowing drain.
  3229 | D:4      | Reached skill level 6 in Axes
  3268 | Sewer    | Entered a sewer
  3373 | Sewer    | Reached XP level 7. HP: 56/66 MP: 7/7
  3394 | Sewer    | Found a glowing silver altar of Zin.
  3576 | D:4      | Found a shattered altar of Ashenzari.
  3714 | D:4      | Reached skill level 7 in Axes
  3771 | D:4      | Noticed a phantom
  3787 | D:4      | Killed a phantom
  4116 | D:5      | Entered Level 5 of the Dungeon
  4209 | D:5      | Reached skill level 8 in Axes
  4621 | D:5      | Reached skill level 9 in Axes
  4621 | D:5      | Reached XP level 8. HP: 28/73 MP: 8/8
  4752 | D:5      | Found Peymamas' Book Emporium.
  5145 | D:6      | Reached skill level 10 in Axes
  5381 | D:6      | Found Souwudou's Gadget Boutique.
  5402 | D:6      | Found a shimmering altar of Xom.
  5444 | D:6      | Found a staircase to the Ecumenical Temple.
  5504 | D:6      | Paralysed by a giant eyeball for 4 turns
  5519 | D:6      | Reached skill level 11 in Axes
  5524 | D:6      | Found a shadowy altar of Dithmenos.
  5637 | D:7      | Noticed Joseph
  5655 | D:7      | Killed Joseph
  5655 | D:7      | Gained mutation: You passively map the area around you. [level up]
  5655 | D:7      | Reached XP level 9. HP: 49/79 MP: 9/9
  5864 | D:7      | Reached skill level 12 in Axes
  5874 | D:7      | Found Lylaoror's Weapon Emporium.
  6039 | D:7      | Found a basalt altar of Yredelemnul.
  6144 | D:7      | Identified a scroll of acquirement
  6213 | D:8      | Reached skill level 1 in Shields
  6355 | D:8      | Reached skill level 13 in Axes
  6429 | D:8      | Noticed Grum
  6455 | D:8      | Killed Grum
  6635 | D:8      | Reached XP level 10. HP: 18/87 MP: 10/10
  7104 | D:9      | Reached skill level 14 in Axes
  7176 | D:9      | Reached skill level 5 in Shields
  7349 | D:9      | Paralysed by a giant eyeball for 2 turns
  7385 | D:9      | HP: 1/87 [deep elf mage/fireball (13)]
  7446 | D:9      | Acquired Trog's third power
  7609 | D:9      | Found a staircase to the Orcish Mines.
  7610 | D:9      | Noticed Maurice
  7835 | D:9      | Reached skill level 15 in Axes
  7900 | D:9      | Paralysed by a giant eyeball for 2 turns
  7904 | D:9      | Paralysed by a giant eyeball for 4 turns
  7933 | D:10     | Entered Level 10 of the Dungeon
  7933 | D:10     | Found Opeaxot's Magic Scroll Shoppe.
  8224 | D:10     | Found a staircase to the Lair.
  8242 | D:10     | Found Skiahuus' Gadget Emporium.
  8534 | D:10     | Reached skill level 1 in Armour
  8580 | Lair:1   | Entered Level 1 of the Lair of Beasts
  8776 | Lair:1   | HP: 1/87 [spiny frog (15)]
  8918 | D:11     | Reached XP level 11. HP: 49/93 MP: 11/11
  9309 | D:11     | Found a gateway to a bazaar.
  9312 | Bazaar   | Entered a bazaar
  9326 | Bazaar   | Found Esaax's Armour Emporium.
  9326 | Bazaar   | Found Bikhupoh's Food Shoppe.
  9347 | Bazaar   | Found Ykiut's Gadget Emporium.
  9363 | Bazaar   | Found Vaothrit's Magic Scroll Emporium.
  9363 | Bazaar   | Found Caerah's Gadget Shoppe.
  9384 | Bazaar   | Found Yvirchipt's Armour Emporium.
  9437 | Bazaar   | Bought a wand of hasting (5) for 594 gold pieces
  9884 | D:11     | Reached skill level 5 in Fighting
  9887 | D:11     | Noticed a cyclops
  9942 | D:11     | Killed a cyclops
  9956 | D:11     | Noticed a wizard
 10020 | D:11     | Noticed a fire dragon
 10020 | D:11     | Noticed a hill giant
 10020 | D:11     | Killed from afar by a fire dragon

Action                   |  1- 3 |  4- 6 |  7- 9 | 10-12 || total
-------------------------+-------+-------+-------+-------++-------
Melee: Club              |   206 |     3 |       |       ||   209
       Unarmed           |    15 |       |       |       ||    15
       Hand axe          |       |   118 |    22 |       ||   140
       War axe           |       |   123 |   542 |   357 ||  1022
       Broad axe         |       |       |       |   151 ||   151
Invok: Trog's Hand       |       |     6 |    26 |    11 ||    43
       Berserk           |       |       |     2 |     4 ||     6
Evoke: Wand              |     2 |     2 |     2 |     9 ||    15
  Use: Potion            |     1 |     4 |     2 |     5 ||    12
       Scroll            |       |     5 |    14 |    10 ||    29
 Stab: Sleeping          |     1 |       |       |       ||     1
